 Dungeon Sprint DCSS version 0.20.1-1-g8b1a95d (webtiles) character file.

1955 potatolord6000 the Protected (level 8, -12/84 HPs)
             Began as a Deep Dwarf Fighter on Sept 7, 2017.
             Was an Initiate of Gozag.
             Mangled by an orc warrior
             ... wielding a +0 trident
             ... led by an orc knight
              (13 damage)
             ... in the Dungeon (Sprint VII: "The Pits") on Sept 8, 2017.
             The game lasted 00:06:41 (787 turns).

potatolord6000 the Protected (Deep Dwarf Fighter)    Turns: 787, Time: 00:06:41

Health: -12/84     AC: 17    Str: 25    XL:     8   Next: 99%
Magic:  19/19      EV:  7    Int: 12    God:    Gozag
Gold:   525        SH: 12    Dex: 12    Spells: 22/22 levels left

rFire    . . .     SeeInvis .   t - +2 war axe (chop)
rCold    . . .     Gourm    .   c - +0 shield
rNeg     . . .     Faith    .   u - +4 chain mail
rPois    .         Spirit   .   (no helmet)
rElec    .         Reflect  .   (no cloak)
rCorr    .         Harm     .   a - +0 pair of gloves
MR       +....     NoTele   +   (no boots)
Stlth    ..........             (no amulet)
Regen    0.0/turn               b - +3 ring of strength
MPRegen  0.2/turn               s - +3 ring of intelligence

@: non-regenerating
A: damage resistance, heal wounds, sense surroundings 1, no regeneration
a: Heal Wounds, Potion Petition, Call Merchant, Bribe Branch, Renounce Religion


You were in the Dungeon.
You worshipped Gozag.
Gozag was pleased with you.
You were not hungry.

You visited 1 branch You collected 1260 gold pieces.
You paid 735 gold pieces to Gozag.

Inventory:

Hand Weapons
 t - a +2 war axe of chopping (weapon)
Armour
 a - a +0 pair of gloves (worn)
 c - a +0 shield (worn)
 u - a +4 chain mail (worn)
Jewellery
 b - a +3 ring of strength (left hand)
 s - a +3 ring of intelligence (right hand)
Scrolls
 k - a scroll of blinking
 m - 3 scrolls of remove curse
 n - 5 scrolls of amnesia
 o - a scroll of summoning
Potions
 d - a potion of might
 e - 7 potions of curing
 g - 7 potions of heal wounds
 h - 3 potions of haste
 i - 4 potions of magic
 j - 6 potions of berserk rage
 l - 2 potions of invisibility
Comestibles
 f - 8 bread rations
 p - 40 fruits
 q - 7 meat rations


   Skills:
 + Level 8.9 Fighting
 + Level 10.1 Axes
 + Level 10.5 Armour
 + Level 10.3 Shields
 + Level 7.6 Spellcasting


You had 22 spell levels left.
You didn't know any spells.

Dungeon Overview and Level Annotations

Branches:
Dungeon (1/1)

Altars:
Ashenzari
Cheibriados
Dithmenos
Elyvilon
Fedhas
Gozag
Hepliaklqana
Kikubaaqudgha
Makhleb
Nemelex Xobeh
Okawaru
Qazlal
Ru
Sif Muna
Trog
Uskayaw
Vehumet
Xom
Yredelemnul
Zin
The Shining One
Beogh
Jiyva
Lugonu


Innate Abilities, Weirdness & Mutations

You are resistant to damage.
You can heal yourself by infusing magical energy.
You passively map a small area around you.
You do not regenerate.


Message History

* * * LOW HITPOINT WARNING * * *
You hit the orc warrior.
The orc warrior is moderately wounded.
The orc warrior hits you with a trident!
* * * LOW HITPOINT WARNING * * *
You slash the orc warrior!
The orc warrior is almost dead.
The orc knight shoots a bolt.
The bolt hits you but does no damage. The orc warrior barely misses you.
You closely miss the orc warrior.
The orc warrior is almost dead.
The orc warrior no longer looks unusually strong.
The orc knight shoots a bolt.
The bolt hits you!
* * * LOW HITPOINT WARNING * * *
You block the orc warrior's attack.
You closely miss the orc warrior.
The orc warrior is almost dead.
The orc warrior hits you with a trident!
You die...
Your body crumbles into a pile of gold.

'.##................#
,
#.#####'#####''######
*
#.##.......##''#####
*
#.##.......##......#
'.##.......##......#
####...<...###...$##
).##.......# ##o$## *
).##.......###.$$$##
,
####.......##...@o.#
* ..
##########......+, ,
.############......#
,, ,
[#....#..[.###....##
'#....#..[[# ##++## *
* .'....'..))# , ,
'#....#..))# , ,
.#....#..))# , , ,
############ *


You could see an orc knight and an orc warrior.

Vanquished Creatures
  A death yak (D)
  A flayed ghost (D)
  3 water moccasins (D)
  2 orc warriors (D)
  A small abomination (D)
  2 bullfrogs (D)
  A gnoll shaman (D)
  An orc wizard (D)
  An iguana (D)
  A worker ant (D)
  An adder (D)
  3 ufetubi (D)
  2 oozes (D)
  4 orcs (D)
  A giant cockroach (D)
  4 jackals (D)
  A kobold (D)
  A ball python (D)
  A goblin (D)
  A quokka zombie (D)
33 creatures vanquished.

Notes
Turn   | Place    | Note
-------+----------+-------------------------------------------
     0 | D        | potatolord6000 the Deep Dwarf Fighter began the quest for the Orb.
     0 | D        | Reached XP level 1. HP: 20/20 MP: 1/1
    56 | D        | Found a bloodstained altar of Trog.
    56 | D        | Found a deep blue altar of Sif Muna.
    56 | D        | Found a viscous altar of Jiyva.
    56 | D        | Found a hazy altar of Hepliaklqana.
    56 | D        | Found an opulent altar of Gozag.
    57 | D        | Found a glowing golden altar of the Shining One.
    57 | D        | Found a glowing silver altar of Zin.
    57 | D        | Found a basalt altar of Yredelemnul.
    57 | D        | Found a shimmering altar of Xom.
    57 | D        | Found a sacrificial altar of Ru.
    57 | D        | Found a stormy altar of Qazlal.
    57 | D        | Found an iron altar of Okawaru.
    57 | D        | Found a sparkling altar of Nemelex Xobeh.
    57 | D        | Found a burning altar of Makhleb.
    57 | D        | Found a blossoming altar of Fedhas.
    57 | D        | Found a white marble altar of Elyvilon.
    57 | D        | Found a shadowy altar of Dithmenos.
    57 | D        | Found a snail-covered altar of Cheibriados.
    59 | D        | Found a radiant altar of Vehumet.
    59 | D        | Found a corrupted altar of Lugonu.
    59 | D        | Found a roughly hewn altar of Beogh.
    61 | D        | Found an ancient bone altar of Kikubaaqudgha.
    61 | D        | Found a hide-covered altar of Uskayaw.
    61 | D        | Found a shattered altar of Ashenzari.
    68 | D        | Became a worshipper of Gozag Ym Sagoz the Greedy
   251 | D        | Reached skill level 1 in Spellcasting
   251 | D        | Reached XP level 2. HP: 25/28 MP: 1/3
   296 | D        | Reached XP level 3. HP: 22/34 MP: 5/5
   299 | D        | Reached skill level 5 in Armour
   299 | D        | Reached skill level 5 in Shields
   380 | D        | Noticed a water moccasin
   382 | D        | Reached XP level 4. HP: 44/44 MP: 7/7
   421 | D        | Killed a water moccasin
   421 | D        | Reached skill level 5 in Fighting
   421 | D        | Reached skill level 5 in Axes
   421 | D        | Reached XP level 5. HP: 17/52 MP: 7/10
   562 | D        | Noticed a flayed ghost
   584 | D        | Killed a flayed ghost
   584 | D        | Reached skill level 5 in Spellcasting
   584 | D        | Reached XP level 6. HP: 24/66 MP: 11/14
   584 | D        | Reached XP level 7. HP: 26/72 MP: 11/15
   606 | D        | Reached XP level 8. HP: 25/81 MP: 13/17
   610 | D        | Noticed a death yak
   622 | D        | Killed a death yak
   622 | D        | Reached skill level 10 in Armour
   622 | D        | Reached skill level 10 in Shields
   766 | D        | Noticed an orc knight
   769 | D        | Reached skill level 10 in Axes
   786 | D        | HP: 1/84 [orc knight/bolt (9)]
   787 | D        | Mangled by an orc warrior

Skill      XL: |  1  2  3  4  5  6  7  8 |
---------------+-------------------------+-----
Fighting       | 3 4 5 7 8 |  8.9
Spellcasting   | 1 2 3 5 6 7 |  7.6
Axes           | 3 4 5 8 10 | 10.1
Armour         | 4 5 6 8 9 10 | 10.5
Shields        | 4 5 6 8 9 10 | 10.3

Action                   |  1- 3 |  4- 6 |  7- 9 || total
-------------------------+-------+-------+-------++-------
Melee: War axe           |    44 |    60 |    47 ||   151
Invok: Potion Petition   |       |     2 |       ||     2
 Abil: Heal Wounds       |     1 |       |     1 ||     2
  Use: Potion            |     1 |     2 |     2 ||     5
 Stab: Distracted        |       |       |     1 ||     1
Armor: Scale mail        |    37 |       |       ||    37
       Chain mail        |     3 |    26 |     6 ||    35
Dodge: Dodged            |    22 |    15 |     9 ||    46
Block: Shield            |    38 |    21 |    31 ||    90
